 Dungeon Crawl Stone Soup version 0.30-a0-585-g93115170b9 (webtiles) character file.

Game seed: 3251280855527761540

80 Citaku the Covered (level 4, -1/35 HPs)
             Began as a Human Fighter on Jan 2, 2023.
             Was an Initiate of Ashenzari.
             Splashed by a jelly's acid (9 damage)
             ... on level 3 of the Dungeon.
             The game lasted 00:05:34 (1096 turns).

Citaku the Covered (Human Fighter)                  Turns: 1096, Time: 00:05:35

Health: -1/35      AC:  7    Str: 14 (16) XL:     4   Next: 65%
Magic:  4/4        EV:  5    Int: 14 (15) God:    Ashenzari [......]
Gold:   29         SH:  9    Dex: 11 (14) Spells: 3/3 levels left

rFire   + . .      SeeInvis .    a - +0 rapier
rCold   + . .      Faith    .    c - +0 buckler
rNeg    . . .      Spirit   .    b - +0 scale mail
rPois   .          Reflect  +    h - +1 helmet
rElec   .          Harm     .    m - scarf {rC+ rF+}
rCorr   .          Rampage  .    o - +0 pair of gloves
Will    .....                    g - +0 pair of boots Stlth
                                 l - amulet of reflection
HPRegen 0.25/turn                e - ring of flight
MPRegen 0.09/turn                i - +6 ring of intelligence

@: mighty, corroded, flying, constricted
A: no striking features
a: Renounce Religion


You were on level 3 of the Dungeon.
You worshipped Ashenzari.
Ashenzari was noncommittal.
You visited 1 branch of the dungeon, and saw 4 of its levels.

You collected 29 gold pieces.

Inventory:

Hand Weapons
 a - a +0 rapier (weapon)
Armour
 b - a +0 scale mail (worn)
 c - a +0 buckler (worn)
 g - a +0 pair of boots (worn)
 h - a +1 helmet (worn)
 m - a scarf of resistance (worn)
 o - a +0 pair of gloves (worn)
Jewellery
 e - a ring of flight (left hand)
 i - a +6 ring of intelligence (right hand)
 l - an amulet of reflection (around neck)


   Skills:
 + Level 3.5 Fighting
 + Level 2.6 Short Blades
 + Level 3.6 Armour
 + Level 0.6 Dodging
 + Level 0.1 Stealth
 + Level 3.5 Shields


You had 3 spell levels left.
You didn't know any spells.
Your spell library contained the following spells:

 Spells                   Type           Power      Damage    Failure   Level
 Scorch                   Fire           0%         2d5       93%         2
 Dazzling Flash           Conj/Hex       0%         N/A       99%         3
 Flame Wave               Conj/Fire      0%         2d4       100%        4
 Iskenderun's Mystic Bla  Conj/Tloc      0%         2d3       100%        4
 Starburst                Conj/Fire      0%         6d3       100%        6
 Summon Cactus Giant      Summ           0%         N/A       100%        6


Dungeon Overview and Level Annotations

Branches:
Dungeon (4/15)
 Temple: D:4-7

Altars:
Ashenzari
Okawaru


Message History

You barely miss the iguana.
The iguana is moderately wounded.
The giant cockroach bites you but does no damage.
The jelly hits you but does no damage.
The iguana bites you but does no damage.
The rat closely misses you.
You puncture the iguana!
The iguana is almost dead.
The giant cockroach bites you but does no damage.
The jelly hits you.
You are splashed with acid!
The iguana closely misses you. The rat bites you but does no damage.
You block the giant cockroach's attack. The ball python bites you.
The ball python barely misses you.
You hit the iguana but do no damage.
The iguana is almost dead.
You block the ball python's attack. The ball python barely misses you.
The giant cockroach bites you but does no damage.
The jelly completely misses you. The iguana bites you.
The rat bites you but does no damage.
You hit the iguana.
You kill the iguana!
The ball python bites you but does no damage.
You block the ball python's attack.
The giant cockroach bites you but does no damage.
The jelly barely misses you. The rat bites you but does no damage.
You feel your strength returning.
The giant cockroach attacks as you move away!
You block the giant cockroach's attack. The rat attacks as you move away!
The rat barely misses you. The ball python barely misses you.
The ball python completely misses you. The jelly hits you.
The acid corrodes you!
You are splashed with acid!
* * * LOW HITPOINT WARNING * * *
The ball python closely misses you. The ball python grabs you.
The ball python constricts you.
There is a stone staircase leading down, spattered with blood here.
You see here an iguana corpse.
You hit the giant cockroach but do no damage.
You block the giant cockroach's attack. The jelly hits you.
* * * LOW HITPOINT WARNING * * *
You are splashed with acid!
You die...

#### .)..#
....# #...?#
.[.... #......
##......#
######@S#....#
#....JBr..#
#.........#
...........#
########...#
...# ..## .##
..


You could see a jelly, a giant cockroach, a ball python and a rat.

Vanquished Creatures
  An iguana (D:3)
  A gnoll (D:1)
  An adder (D:4)
  An orc (D:4)
  An endoplasm (D:1)
  A giant cockroach (D:1)
  4 goblins (D:1)
  4 hobgoblins
  A quokka (D:1)
  3 ball pythons (D:1)
  5 bats (D:1)
  A frilled lizard (D:1)
  7 kobolds
  3 rats (D:1)
34 creatures vanquished.

Notes
Turn   | Place    | Note
-------+----------+-------------------------------------------
     0 | D:1      | Citaku the Human Fighter began the quest for the Orb.
     0 | D:1      | Reached XP level 1. HP: 18/18 MP: 1/1
    91 | D:1      | Reached XP level 2. HP: 17/24 MP: 2/2
   424 | D:1      | Reached XP level 3. HP: 25/29 MP: 3/3
   843 | D:2      | You are sucked into a shaft and drop 2 floors!
   843 | D:4      | Found a broken altar of Ashenzari.
   843 | D:4      | Found an iron altar of Okawaru.
   870 | D:4      | Reached XP level 4. HP: 35/35 MP: 4/4
   882 | D:4      | Became a worshipper of Ashenzari the Shackled
  1096 | D:3      | Splashed by a jelly's acid

Illustrated notes

Levels and vault maps discovered:
D:1:      dpeg_arrival_boxes_within_box, layout_basic, fountainhead,
          minmay_misc_feat_enclosed
D:2:      layout_basic, minmay_nonomino_d4
D:3:      layout_rooms, shapermc_ecumenical_altar_mp_urbaneastern, serial_shops,
          nicolae_shop_stone
D:4:      layout_cave_pools, chequers_temple_overflow_statue_of_worship,
          st_stairs_11, serial_bayou_pond_e, hangedman_feature_mirror

Action                   |  1- 3 |  4- 6 || total
-------------------------+-------+-------++-------
Melee: Rapier            |   109 |    28 ||   137
  Use: Potion            |     3 |     5 ||     8
       Scroll            |       |     1 ||     1
Armor: Scale mail        |    70 |    28 ||    98
Dodge: Dodged            |    56 |    25 ||    81
Block: Buckler           |    27 |    30 ||    57
       Reflection        |       |     1 ||     1

Table legend: (Time is in decaauts)
 A = Elapsed time spent in this place.
 B = Non-inter-level travel time spent in this place.
 C = Inter-level travel time spent in this place.
 D = Time resting spent in this place.
 E = Time spent auto-exploring this place.
 F = Levels seen in this place.
 G = Mean time per level.
                   A        B        C        D        E       F      G
               +--------+--------+--------+--------+--------+-----+--------+
         Total |   1092 |   1092 |      0 |     33 |    286 |   4 |  273.0 |
       Dungeon |   1092 |   1092 |      0 |     33 |    286 |   4 |  273.0 |
               +--------+--------+--------+--------+--------+-----+--------+

Top non-repeatable levels by time:
     D:1: 820 daAuts
     D:4: 227 daAuts
     D:2: 35 daAuts
     D:3: 9 daAuts
